AoeStats
← MatzeAoE

MegaRandom

505708710Analyzed
1v1 RM · 22d ago on Sep 10, 2026· 22m 59s· 2 players
Game mode
Random Map
Map size
Tiny (2 player)
Population
200
Speed
Normal
Resources
Standard
Victory
Conquest
Starting age
Dark Age
Ending age
Imperial Age
RankedLock teamsTeams togetherTeam positionsShared explorationLock speedFull tech treeHidden civsTurbo modeCheats
Victory
Defeat
🇨🇿 Mongols · Czechia
2353
+10
🇩🇪 Franks · Germany
2213
-10
MatzeAoE
9:44 Feudal Age
10:13 Double-Bit Axe
11:24 Loom
13:32 Fishing Lines
17:54 Castle Age
20:39 Bow Saw
Feroker
10:46 Feudal Age
10:10 Loom
14:43 Castle Age
13:52 Double-Bit Axe
14:28 Gold Mining
15:34 Medium Warships
15:46 Bow Saw
16:18 Fletching
20:36 Bodkin Arrow
Connection lost

Rejoining the realm…

Still unreachable

The connection could not be restored.

Session expired

The server has moved on; the page needs a fresh start.